 Dungeon Crawl Stone Soup version 0.30.0-18-gc0e69614cb (webtiles) character file.

Game seed: 17758094170070727062

2849 Jaymz the Protected (level 9, -5/78 HPs)
             Began as a Minotaur Fighter on May 23, 2023.
             Was an Initiate of Makhleb.
             Slain by a komodo dragon (8 damage)
             ... on level 1 of the Lair of Beasts.
             The game lasted 00:44:14 (3611 turns).

Jaymz the Protected (Minotaur Fighter)              Turns: 3611, Time: 00:44:15

Health: -5/78      AC: 13    Str: 23    XL:     9   Next: 46%
Magic:  8/8        EV:  9    Int:  5    God:    Makhleb [......]
Gold:   290        SH:  6    Dex: 18    Spells: 8/8 levels left

rFire   . . .        m - +5 Force Lance {heavy, knockback}
rCold   . . .        c - +0 buckler
rNeg    + . .        l - +0 chain mail
rPois   .            (helmet restricted)
rElec   .            (no cloak)
rCorr   .            D - +1 Delatra's gloves {ID++}
SInv    .            (no boots)
Will    .....        y - amulet of regeneration Stlth
                     C - +6 ring of dexterity
HPRegen 1.13/turn    B - ring of positive energy
MPRegen 0.11/turn

%: no passive effects
@: no status effects
A: horns 2, retaliatory headbutt
a: Renounce Religion


You were on level 1 of the Lair of Beasts.
You worshipped Makhleb.
Makhleb was noncommittal.
You visited 3 branches of the dungeon, and saw 8 of its levels.

You collected 290 gold pieces.

Inventory:

Hand Weapons
 m - the +5 Force Lance (weapon) {heavy, knockback}
   (You found it on level 4 of the Dungeon)
 q - a +0 sling
Missiles
 g - 42 stones (quivered)
 j - 2 throwing nets
 o - 3 boomerangs
Armour
 c - a +0 buckler (worn)
 l - a +0 chain mail (worn)
 D - the +1 Delatra's gloves (worn) {ID++}
   (You found it on level 3 of the Dungeon)

   ID++:      It heals its wearer when they drink unknown potions, and restores
   their MP when they read unknown scrolls.
Magical Staves
 k - a staff of poison
Jewellery
 y - an amulet of regeneration (around neck)
 B - a ring of positive energy (right hand)
 C - a +6 ring of dexterity (left hand)
Wands
 a - a wand of flame (1)
 e - a wand of iceblast (2)
Scrolls
 f - 3 scrolls of noise {unknown}
 i - 2 scrolls of fear
 p - 8 scrolls of identify
 s - a scroll of fog
 u - 3 scrolls of amnesia {unknown}
 w - a scroll of teleportation
 E - a scroll of immolation {unknown}
Potions
 b - 2 potions of degeneration {unknown}
 d - a potion of might
 h - 2 potions of flight
 n - a potion of invisibility {unknown}
 r - a potion of curing {unknown}
 t - 2 potions of mutation {unknown}
 v - 2 potions of attraction
 G - a potion of magic {unknown}


   Skills:
 + Level 6.4 Fighting
 + Level 7.3(9.3) Axes
 + Level 3.1(5.6) Maces & Flails
 + Level 8.2(9.5) Polearms
 + Level 8.2 Armour
 + Level 2.6 Dodging
 + Level 0.8 Stealth
 + Level 5.5 Shields
 + Level 0.6 Evocations


You had 8 spell levels left.
You didn't know any spells.
Your spell library contained the following spells:

 Spells                   Type           Power      Damage    Failure   Level
 Foxfire                  Conj/Fire      0%         2x1d4     97%         1
 Blink                    Tloc           0%         N/A       99%         2
 Lesser Beckoning         Tloc           0%         N/A       99%         2
 Momentum Strike          Conj/Tloc      0%         3d8       99%         2
 Sublimation of Blood     Necr           0%         N/A       99%         2
 Dazzling Flash           Conj/Hex       0%         N/A       100%        3
 Flame Wave               Conj/Fire      0%         2d4       100%        4
 Olgreb's Toxic Radiance  Pois           0%         N/A       100%        4
 Petrify                  Tmut/Erth      0%         N/A       100%        4
 Agony                    Necr           0%         N/A       100%        5
 Alistair's Intoxication  Tmut/Pois      0%         N/A       100%        5
 Irradiate                Conj/Tmut      0%         3d11      100%        5
 Silence                  Hex/Air        0%         N/A       100%        5
 Plasma Beam              Fire/Air       0%         2x1d11    100%        6


Dungeon Overview and Level Annotations

Branches:
Dungeon (8/15)             Temple (1/1) D:5            Lair (1/5) D:8

Altars:
Ashenzari
Cheibriados
Dithmenos
Fedhas
Hepliaklqana
Kikubaaqudgha
Makhleb
Nemelex Xobeh
Okawaru
Ru
Sif Muna
Trog
Vehumet
Wu Jian
Zin
The Shining One


Innate Abilities, Weirdness & Mutations

You have a pair of horns on your head.
You reflexively headbutt those who attack you in melee.


Message History

The water moccasin poisons you!
You puncture the water moccasin!
Your headbutt misses the water moccasin.
The water moccasin is severely wounded.
You feel very sick.
The water moccasin bites you but does no damage.
You hit the water moccasin.
Your headbutt misses the water moccasin.
The water moccasin is almost dead.
You feel sick. You block the water moccasin's attack.
You impale the water moccasin!!
You kill the water moccasin!
Makhleb accepts your kill.
You feel sick.
You feel sick.
You feel sick.
Found a robe.
You feel sick.
You feel sick.
You feel sick.
You are no longer poisoned.
You see here a +0 robe.
A komodo dragon comes into view.
The komodo dragon hisses angrily.
The komodo dragon bites you but does no damage.
You barely miss the komodo dragon. You block the komodo dragon's attack.
You hit the komodo dragon.
The komodo dragon is knocked back by the blow.
The komodo dragon is lightly wounded.
The komodo dragon bites you!!
You hit the komodo dragon but do no damage.
The komodo dragon is lightly wounded.
The komodo dragon bites you!!
You puncture the komodo dragon!
The komodo dragon is moderately wounded.
The komodo dragon bites you!!
* * * LOW HITPOINT WARNING * * *
You impale the komodo dragon!! You headbutt the komodo dragon!
The komodo dragon is almost dead.
The komodo dragon bites you!
You die...

#####..
###.....###
####..........
#.............
#.............
#.............
##.....l.......
#......@.......
##.............
#.............
#.............
##............
####.###P....
#...# #####
##.P# #...####


You could see a komodo dragon.

Vanquished Creatures
  Pikel (D:8)
  Maurice (D:8)
  Joseph (D:8)
  A komodo dragon (Lair:1)
  A hornet (D:8)
  The ghost of zodiitti the Covered, an amateur GrFi (D:3)
  A water moccasin (Lair:1)
  A centaur (D:8)
  A phantom (D:5)
  3 lemures (D:8)
  3 bullfrogs (D:8)
  A scorpion (D:4)
  2 jellies
  2 quasits (D:3)
  4 orc priests
  A sleepcap (D:3)
  Jessica (D:2)
  4 orc wizards
  Robin (D:2)
  4 gnolls (D:3)
  4 adders (D:2)
  A worm (D:3)
  4 dart slugs
  13 orcs
  A ball python (D:1)
  6 endoplasms
  3 giant cockroaches
  17 goblins
  4 hobgoblins
  3 jackals (D:2)
  3 quokkas
  6 bats
  3 frilled lizards
  9 kobolds
  3 rats
115 creatures vanquished.

Vanquished Creatures (others)
  A kobold (D:1)
1 creature vanquished.

Grand Total: 116 creatures vanquished

Notes
Turn   | Place    | Note
-------+----------+-------------------------------------------
     0 | D:1      | Jaymz the Minotaur Fighter began the quest for the Orb.
     0 | D:1      | Reached XP level 1. HP: 19/19 MP: 0/0
    28 | D:1      | Found a faded altar of an unknown god.
   168 | D:1      | Reached XP level 2. HP: 26/27 MP: 1/1
   936 | D:2      | Reached XP level 3. HP: 33/33 MP: 2/2
   993 | D:2      | Noticed Robin
  1000 | D:2      | Killed Robin
  1009 | D:2      | Reached XP level 4. HP: 39/40 MP: 3/3
  1056 | D:2      | Noticed Jessica
  1063 | D:2      | Killed Jessica
  1330 | D:2      | Found a glowing golden altar of the Shining One.
  1342 | D:2      | Became a worshipper of the Shining One
  1580 | D:3      | Reached XP level 5. HP: 46/46 MP: 4/4
  1768 | D:3      | Found a transporter.
  1786 | D:3      | Noticed zodiitti's ghost (amateur GrFi)
  1803 | D:3      | Reached skill level 5 in Axes
  1844 | D:3      | Found a transporter.
  1890 | D:3      | Reached skill level 5 in Armour
  1895 | D:3      | The Shining One protects you from harm!
  1896 | D:3      | Killed zodiitti's ghost
  1897 | D:3      | Reached skill level 1 in Dodging
  1897 | D:3      | Reached XP level 6. HP: 6/55 MP: 5/5
  2098 | D:3      | Found the +1 Delatra's gloves {ID++}
  2287 | D:4      | Reached skill level 5 in Fighting
  2287 | D:4      | Reached XP level 7. HP: 61/61 MP: 6/6
  2507 | D:4      | Found the +5 Force Lance {heavy, knockback}
  2549 | D:4      | Reached * piety under the Shining One
  2619 | D:4      | Reached skill level 1 in Maces & Flails
  2748 | D:5      | Entered Level 5 of the Dungeon
  2760 | D:5      | Reached skill level 1 in Polearms
  2791 | D:5      | Found a staircase to the Ecumenical Temple.
  2805 | Temple   | Entered the Ecumenical Temple
  3109 | Temple   | Fell from the grace of the Shining One
  3109 | Temple   | Became a worshipper of Makhleb the Destroyer
  3231 | D:5      | You fall into a shaft and drop 3 floors!
  3236 | D:8      | Noticed Joseph
  3251 | D:8      | Killed Joseph
  3252 | D:8      | Reached XP level 8. HP: 32/69 MP: 7/7
  3261 | D:8      | Noticed Maurice
  3272 | D:8      | Noticed Pikel
  3284 | D:8      | Killed Pikel
  3285 | D:8      | Reached skill level 5 in Polearms
  3290 | D:8      | Killed Maurice
  3291 | D:8      | Reached skill level 5 in Shields
  3326 | D:8      | Noticed a hornet
  3330 | D:8      | Killed a hornet
  3331 | D:8      | Reached XP level 9. HP: 75/75 MP: 8/8
  3366 | D:8      | Got Sif Muna's Vellum of Contaminants and Immolation
  3502 | D:8      | Found a staircase to the Lair.
  3524 | Lair:1   | Entered Level 1 of the Lair of Beasts
  3524 | Lair:1   | Noticed a komodo dragon
  3534 | Lair:1   | Killed a komodo dragon
  3602 | Lair:1   | Noticed a komodo dragon
  3610 | Lair:1   | HP: 1/78 [komodo dragon (27)]
  3611 | Lair:1   | Slain by a komodo dragon

Illustrated notes

Levels and vault maps discovered:
D:1:      onia_arrival_pentagram, layout_basic,
          hellmonk_ecumenical_altar_lost_god, supply_closet_lemuel,
          lexackson_kobold_supper
D:2:      layout_rooms, basic_altar, uniq_robin, uniq_jessica
D:3:      layout_rooms, gammafunk_ghost_stat_death, pf_guarded_unrand_delatra
D:4:      layout_gridville
D:5:      layout_layer_cave, mainiacjoe_overflow_alcove_4,
          minmay_temple_entry_waves
D:8:      layout_basic, lair_entry_dummy, uniq_joseph, uniq_maurice, uniq_pikel
Temple:   minmay_temple_bridge_d
Lair:1:   layout_cave_pods

Skill      XL: |  1  2  3  4  5  6  7  8  9 |
---------------+----------------------------+-----
Fighting       | 4 5 6 |  6.4
Shields        | 4 5 |  5.5
Armour         | 4 5 6 7 8 |  8.2
Axes           | 3 4 6 7 |  7.3
Dodging        | 1 2 |  2.6
Maces & Flails | 2 3 |  3.1
Polearms       | 3 6 8 |  8.2
Stealth        | |  0.8
Evocations     | |  0.6

Action                     |  1- 3 |  4- 6 |  7- 9 || total
---------------------------+-------+-------+-------++-------
  Melee: Whip              |     6 |       |       ||     6
         War axe           |   119 |    70 |       ||   189
         Headbutt          |    22 |    12 |    15 ||    49
         Club              |       |    12 |       ||    12
         Morningstar       |       |     1 |     9 ||    10
         Lance             |       |       |    89 ||    89
  Evoke: Wand              |       |       |     4 ||     4
    Use: Scroll            |     6 |     1 |     3 ||    10
         Potion            |       |       |     4 ||     4
 Armour: Scale mail        |    41 |    48 |    14 ||   103
         Robe              |       |     2 |       ||     2
         Chain mail        |       |       |    45 ||    45
  Dodge: Dodged            |    47 |    67 |    41 ||   155
  Block: Buckler           |    21 |    19 |    36 ||    76
